 Dungeon Crawl Stone Soup version 0.24-a0-616-ge2a249a (webtiles) character file.

Game seed: 2381097077308714599, levelgen mode: deterministic

67029 Charmandara the Scorcher (level 14, -5/60 HPs)
             Began as a Felid Fire Elementalist on Sept 14, 2019.
             Was the Champion of Vehumet.
             Killed from afar by a shock serpent (22 damage)
             ... with a bolt of electricity
             ... on level 2 of the Snake Pit on Sept 15, 2019.
             The game lasted 02:06:33 (38415 turns).

Charmandara the Scorcher (Felid Fire Elementalist) Turns: 38415, Time: 02:06:34

Health: -5/60      AC: -1    Str:  4      XL:     14   Next: 81%
Magic:  21/43      EV: 28    Int: 25      God:    Vehumet [******]
Gold:   1067       SH:  0    Dex: 16 (17) Spells: 0/37 levels left
                                        Lives:  0   Deaths: 4

rFire    + . .     SeeInvis +     - Unarmed
rCold    + . .     Gourm    .   (shield unavailable)
rNeg     + . .     Faith    .   (armour unavailable)
rPois    +         Spirit   .   (helmet unavailable)
rElec    .         Reflect  .   (cloak unavailable)
rCorr    .         Harm     +   (gloves unavailable)
MR       ++...                  (boots unavailable)
Stlth    ++++++++..             D - amulet of harm
HPRegen  0.20/turn              t - ring of Satisfaction {*Corrode rPois rN+ Stlth+}
MPRegen  0.28/turn              C - ring of Sloth {rF+ MP+9 Stlth+}

@: corroded, quick
A: very small, no armour, no weapons or thrown items, stealth, claws 1, fangs 3,
see invisible, carnivore, clever 1, deterioration 1, speed 1, high mp 1, shaggy
fur 3, slow metabolism 1, MP-powered wands, sharp paws
a: Renounce Religion


You were on level 2 of the Snake Pit.
You worshipped Vehumet.
Vehumet was exalted by your worship.
You were near starving.

You visited 6 branches of the dungeon, and saw 30 of its levels.
You also visited: Ossuary and Volcano.

You collected 2874 gold pieces.
You spent 1807 gold pieces at shops.

Inventory:

Missiles
 K - 2 throwing nets {=f, !d}
Jewellery
 d - an uncursed amulet of rage {+Rage, !d}
   (You found it on level 2 of the Swamp)
 j - an uncursed amulet of the acrobat
   (You took it off a meliai on level 15 of the Dungeon)
 t - the ring of Satisfaction (left paw) {*Corrode rPois rN+ Stlth+}
   (You bought it in a shop on level 2 of the Orcish Mines)

   [ring of positive energy]

   It protects you from poison.
   It protects you from negative energy.
   It may corrode you when you take damage.
   It makes you more stealthy.
 w - an uncursed ring of flight {+Fly, !d}
   (You took it off an orc priest on level 7 of the Dungeon)
 C - the ring of Sloth (right paw) {rF+ MP+9 Stlth+}
   (You bought it in a shop on level 7 of the Dungeon)

   [ring of magical power]

   It protects you from fire.
   It affects your magic capacity (+9).
   It makes you more stealthy.
 D - an amulet of harm (around neck)
   (You found it on level 10 of the Dungeon)
 E - a +5 ring of intelligence
   (You found it on level 12 of the Dungeon)
 M - an uncursed ring of protection from cold {rC+, !d}
   (You found it on level 2 of the Swamp)
 O - the ring of Leremn {Fire rN+ Str+2}
   (You bought it in a shop on level 2 of the Orcish Mines)

   [ring of fire]

   It enhances your fire magic.
   It affects your strength (+2).
   It protects you from fire.
   It makes you vulnerable to cold.
   It protects you from negative energy.
Wands
 e - a wand of flame (15)
   (You found it on level 3 of the Dungeon)
 m - a wand of disintegration (12)
   (You found it on level 5 of the Dungeon)
 s - a wand of enslavement (14)
   (You found it on level 4 of the Dungeon)
 v - a wand of iceblast (6)
   (You found it on level 13 of the Dungeon)
 x - a wand of digging (6)
   (You found it on level 8 of the Dungeon)
 A - a wand of clouds (10)
   (You took it off Joseph on level 8 of the Dungeon)
Scrolls
 a - 2 scrolls of vulnerability {!r!r}
 k - 5 scrolls of immolation {!r}
 q - 10 scrolls of teleportation
 r - 12 scrolls of remove curse
 y - 9 scrolls of identify
 z - 3 scrolls of fog
 L - a scroll of holy word {!r}
 N - a scroll of fear
Potions
 f - 2 potions of berserk rage {!q}
 g - 3 potions of resistance
 h - 3 potions of might
 i - 3 potions of agility
 l - 8 potions of curing
 n - 4 potions of degeneration {!q}
 o - 3 potions of cancellation
 p - a potion of ambrosia
 u - 2 potions of invisibility
 F - 2 potions of flight
 G - 2 potions of heal wounds
 H - 2 potions of haste
 I - a potion of brilliance
 J - a potion of mutation {!q}
Miscellaneous
 c - a sack of spiders
 B - a box of beasts
 P - a phial of floods
   (You found it on level 1 of the Snake Pit)
Comestibles
 b - 33 rations


   Skills:
 + Level 6.3 Fighting
 + Level 12.6 Dodging
 + Level 14.1 Stealth
 * Level 9.5 Unarmed Combat
 - Level 12.0 Spellcasting
 - Level 10.0 Conjurations
 - Level 17.0 Fire Magic
   Level 0.1 Ice Magic
 - Level 3.1 Earth Magic


You couldn't memorise any spells.
You knew the following spells:

 Your Spells              Type           Power        Failure   Level  Hunger
a - Throw Flame           Conj/Fire      ######       0%          2    None
b - Bolt of Fire          Conj/Fire      ######....   1%          6    #####..
c - Conjure Flame         Conj/Fire      ######..     1%          3    None
d - Bolt of Magma         Conj/Fire/Erth ######....   1%          5    ###....
e - Blink                 Tloc           N/A          6%          2    None
f - Fireball              Conj/Fire      ######....   1%          5    ###....
g - Apportation           Tloc           ###...       4%          1    None
i - Ignition              Fire           #######...   7%          8    #######
s - Sticky Flame          Conj/Fire      ######..     1%          4    None
z - Confusing Touch       Hex            ###...       4%          1    None

Your spell library contained the following spells:

 Spells                   Type           Power        Failure   Level  Hunger
 Lehudib's Crystal Spear  Conj/Erth      #####.....   98%         8    #######
 Glaciate                 Conj/Ice       #####.....   100%        9    #######
 Tornado                  Air            ###.......   100%        9    #######
 Flame Tongue             Conj/Fire      #####        0%          1    None
 Magic Dart               Conj           ####         1%          1    None
 Dazzling Spray           Conj/Hex       #####.       1%          3    None
 Ignite Poison            Fire/Tmut/Pois #####...     1%          3    None
 Inner Flame              Hex/Fire       ######..     1%          3    None
 Mephitic Cloud           Conj/Pois/Air  ####....     1%          3    None
 Animate Skeleton         Necr           N/A          4%          1    None
 Corona                   Hex            ###....      4%          1    None
 Pain                     Necr           ###.         4%          1    None
 Summon Small Mammal      Summ           ###.         4%          1    None
 Call Imp                 Summ           ###.....     6%          2    None
 Ensorcelled Hibernation  Hex/Ice        ###...       6%          2    None
 Poisonous Vapours        Pois/Air       ###...       6%          2    None
 Slow                     Hex            ###.....     6%          2    None
 Confuse                  Hex            ###.....     12%         3    None
 Regeneration             Chrm/Necr      ###.......   12%         3    None
 Tukima's Dance           Hex            ###.....     12%         3    None
 Vampiric Draining        Necr           ###.......   12%         3    None
 Animate Dead             Necr           N/A          36%         4    None
 Freezing Cloud           Conj/Ice/Air   ####......   36%         6    #####..
 Ring of Flames           Chrm/Fire      ######....   71%         7    ######.


Dungeon Overview and Level Annotations

Branches:
Dungeon (15/15)            Temple (1/1) D:5            Lair (6/6) D:10
  Swamp (4/4) Lair:3        Snake (1/4) Lair:3        Slime (0/5) Lair:5
    Orc (2/2) D:12            Elf (0/3) Orc:2        Vaults (0/5) D:13
 Depths (0/5) D:15        Ossuary (visited)         Volcano (visited)

Altars:
Ashenzari
Cheibriados
Dithmenos
Elyvilon
Fedhas
Gozag
Hepliaklqana
Kikubaaqudgha
Makhleb
Nemelex Xobeh
Okawaru
Qazlal
Ru
Sif Muna
Trog
Uskayaw
Vehumet
Wu Jian
Xom
Yredelemnul
Zin
The Shining One
Beogh

Shops:
D:7 =   D:10 }   Orc:2 ?==:

Portals:
Trove: D:11 (show abyssal rune of Zot)


Innate Abilities, Weirdness & Mutations

You cannot wear armour.
You are incapable of wielding weapons or throwing items.
Your paws allow you to move quietly. (Stealth)
You have sharp claws.
You have razor-sharp teeth.
You have supernaturally acute eyesight. (SInv)
You are carnivorous and can eat meat at any time.
You cover ground quickly.
Your thick and shaggy fur keeps you warm. (AC +3, rC+)
You have a slow metabolism.
Your sharp claws are effective at attacking unaware monsters.
Your mind is acute. (Int +2)
Your body sometimes deteriorates upon taking damage.
You have an increased reservoir of magic. (+10% MP)
You expend magic power (3 MP) to strengthen your wands.


Message History

a +0 robe; a cursed -3 war axe
Things that are here:
a +0 trident; a naga skeleton You see here a +0 club.
Items here: ( )) [ a +0 arbalest; a +0 hand axe; 19 bolts; a +0 robe You see here a +0 club.
Things that are here:
a +0 trident; a naga skeleton You fall into a shaft and drop 1 floor!
The shaft crumbles and collapses.
A naga comes into view.
It is wielding a +0 battleaxe of chopping.
Unknown command.
Unknown command.
Aim: a naga, wielding a +0 battleaxe of chopping and wearing a +0 robe (resting)
The bolt of fire hits the naga!!
You kill the naga!
Vehumet accepts your kill.
You feel your power returning.
You now have 38/43 mp.
A black mamba and a naga sharpshooter come into view.
A naga comes into view. It is wielding a +0 war axe.
The naga shouts!
The naga sharpshooter unwields a +0 long sword.
The naga sharpshooter wields a +3 shortbow.
The naga sharpshooter gestures wildly while chanting.
The naga sharpshooter magically shoots an arrow.
The arrow hits you!
Your corrosive artefact corrodes you!
A naga sharpshooter comes into view. It is wielding a +0 glaive.
The naga sharpshooter shouts!
You see here 2 arrows.
You take 12 damage, and have 48/60 hp.
Unknown command.
Unknown command.
The air bursts into flame!
The fireball engulfs the black mamba!
The black mamba hisses angrily.
The fireball engulfs the naga sharpshooter!!
The fireball engulfs the naga sharpshooter!
The fireball engulfs the naga!!
The fireball engulfs the naga sharpshooter!
The fireball engulfs the black mamba!
You are feeling hungry.
You hear a bark!
You hear a shout!
The naga sharpshooter shoots an arrow.
The arrow misses you.
The naga sharpshooter unwields a +0 glaive.
The naga sharpshooter wields a +0 shortbow.
The naga sharpshooter shoots an arrow.
The arrow misses you.
You hear a bark!
Unknown command.
You now have 32/43 mp.
Unknown command.
Unknown command.
The air bursts into flame!
The fireball engulfs the black mamba!
You kill the black mamba!
Vehumet accepts your kill.
You feel your power returning.
The fireball engulfs the naga sharpshooter! x2
The fireball engulfs the naga!!
You kill the naga!
Vehumet accepts your kill.
You feel your power returning.
The fireball engulfs the naga sharpshooter!!
You hear a shout!
You are feeling very hungry.
You hear a shout!
You hear a bark!
You hear an angry hiss.
The naga sharpshooter shoots an arrow.
The arrow misses you.
Unknown command.
You now have 28/43 mp.
Unknown command.
Unknown command.
The air bursts into flame!
The fireball engulfs the naga sharpshooter!!
The fireball engulfs the naga sharpshooter!
You kill the naga sharpshooter!
Vehumet accepts your kill.
You feel your power returning.
You are near starving!
A shock serpent comes into view.
The naga sharpshooter shoots an arrow.
The arrow hits you!!
Ouch! That really hurt!
* * * LOW HITPOINT WARNING * * *
Your body deteriorates!
You feel clumsy.
A naga sharpshooter comes into view. It is wielding a +0 dire flail.
You hear a bark!
You take 32 damage, and have 16/60 hp.
MASSIVE DAMAGE!!
You now have 21/43 mp.
Unknown command.
Okay, then.
As you read the scroll of fear, it crumbles to dust.
You assume a fearsome visage.
The shock serpent resists with some effort.
The naga sharpshooter looks frightened!
The naga sharpshooter resists with almost no effort.
A black mamba comes into view.
A hell hound comes into view.
The shock serpent shoots out a bolt of lightning at you!
The bolt of electricity hits you!!
You die...

###...## .###......##
...........##
.....)......#
..........#
##........# ##S
#.......# #####....
#.......###.....)..
#..........@...†.N.
..........###.....S^.
..........# #####)...
..........# ...
###.......# h
##..(...# ##+#####


You could see a naga sharpshooter, a shock serpent, a black mamba and a hell
hound.

Vanquished Creatures
  Nikola (Swamp:1)
  A tentacled monstrosity (Swamp:2)
  Jorgrun (D:15)
  3 thorn hunters (Swamp:2)
  Agnes (D:15)
  Kirke (D:15)
  An ogre mage (D:15)
  10 hydras
  3 vault guards (D:13)
  A naga warrior (Snake:1)
  A yaktaur captain (D:15)
  2 shambling mangroves (Swamp:3)
  3 ghost crabs
  8 two-headed ogres
  3 catoblepae (Lair:6)
  2 orc high priests
  13 alligators
  2 tengu warriors
  8 death yaks (Lair:6)
  2 naga sharpshooters
  Nergalle (D:11)
  5 skeletal warriors (D:14)
  3 unseen horrors
  4 swamp dragons
  9 ugly things
  A wolf spider zombie (D:15)
  2 deep elf magi
  3 manticores
  6 orc sorcerers
  7 cyclopes
  3 elephants (Lair:6)
  10 black mambas
  Maurice (D:8)
  2 naga magi (Snake:1)
  A guardian serpent (Snake:1)
  9 spiny frogs
  Joseph (D:8)
  A molten gargoyle (Lair:4)
  2 gargoyles (D:15)
  2 kobold demonologists (D:15)
  4 rime drakes
  A tengu conjurer (D:15)
  2 efreet (Volcano)
  9 komodo dragons
  5 trolls
  3 meliai (D:15)
  7 tyrant leeches
  A polar bear (Lair:6)
  A queen bee (D:11)
  13 hornets
  A harpy skeleton (D:15)
  15 blink frogs
  5 dream sheep (Lair:5)
  10 slime creatures
  5 bog bodies
  9 hippogriffs
  4 shadows
  56 yaks
  21 spriggans
  4 wraiths
  8 humans (D:13)
  3 basilisks
  3 fire elementals (Volcano)
  4 wyverns
  3 hogs (D:15)
  3 fire bats (Lair:6)
  3 hungry ghosts
  26 insubstantial wisps
  18 vampire mosquitoes
  8 nagas
  18 swamp worms
  10 water moccasins
  7 black bears
  5 porcupines
  6 swamp drakes
  36 orc warriors
  6 sky beasts
  3 phantoms
  An eye of draining (D:10)
  An ice beast (D:7)
  14 ogres
  3 boggarts (Lair:5)
  2 wolves
  8 centaurs
  2 elf zombies (Ossuary)
  9 crocodiles
  3 big kobolds
  23 bullfrogs
  A wyvern zombie (D:14)
  A gnoll sergeant (D:10)
  2 wyvern skeletons
  5 scorpions
  A water moccasin skeleton (D:7)
  23 killer bees
  2 electric eels (Lair:4)
  2 howler monkeys
  3 crimson imps
  A bullfrog zombie (D:11)
  A human zombie (Ossuary)
  6 centaur zombies
  6 hounds
  21 jellies
  41 orc priests
  46 orc wizards
  4 bullfrog skeletons
  5 centaur skeletons
  6 iguanas
  6 worker ants
  A killer bee zombie (D:6)
  3 hound skeletons
  2 mummies (Ossuary)
  2 worker ant zombies
  Robin (D:6)
  14 gnolls
  10 adders
  9 river rats (D:5)
  2 shadow imps
  An ooze (D:2)
  2 adder zombies (Ossuary)
  A worm (D:2)
  5 dart slugs
  4 leopard geckos
  130 orcs
  3 giant cockroaches
  11 goblins
  13 hobgoblins
  9 jackals
  11 kobolds
  10 quokkas
  A ball python (D:6)
  7 bats
  6 frilled lizards
  9 hobgoblin zombies (Ossuary)
  11 kobold zombies (Ossuary)
  8 orc zombies (Ossuary)
  A quokka skeleton (D:5)
  20 rats
  A rat zombie (Ossuary)
  3 fire vortices
  2 fungi (Lair:4)
  11 plants
1059 creatures vanquished.

Vanquished Creatures (collateral kills)
  A killer bee (D:9)
1 creature vanquished.

Vanquished Creatures (others)
  A hydra (Swamp:2)
  2 humans
  A killer bee (D:9)
  A bush (Lair:6)
  11 fungi
  21 plants
37 creatures vanquished.

Grand Total: 1097 creatures vanquished

Notes
Turn   | Place    | Note
-------+----------+-------------------------------------------
     0 | D:1      | Charmandara the Felid Fire Elementalist began the quest for
                  | the Orb.
     0 | D:1      | Reached XP level 1. HP: 7/7 MP: 4/4
    99 | D:1      | Reached skill level 1 in Conjurations
   225 | D:1      | Reached XP level 2. HP: 11/11 MP: 1/6
   230 | D:1      | Learned a level 2 spell: Throw Flame
   504 | D:1      | Reached skill level 3 in Fire Magic
   688 | D:1      | Reached skill level 3 in Stealth
   743 | D:2      | Reached XP level 3. HP: 12/14 MP: 1/7
   891 | D:2      | Learned a level 3 spell: Conjure Flame
  1304 | D:2      | Reached skill level 2 in Conjurations
  1373 | D:2      | Reached XP level 4. HP: 18/18 MP: 2/8
  2689 | D:3      | Slain by an iguana
  2690 | D:3      | Reached XP level 3. HP: -2/14 MP: 2/7
  2760 | D:3      | Reached XP level 4. HP: 18/18 MP: 5/8
  2903 | D:3      | Noticed Robin
  3175 | D:3      | Reached skill level 4 in Stealth
  3402 | D:3      | Reached skill level 4 in Fire Magic
  3798 | D:3      | Reached XP level 5. HP: 7/21 MP: 2/10
  4098 | D:4      | Reached skill level 3 in Conjurations
  4331 | D:4      | Reached skill level 3 in Spellcasting
  4331 | D:4      | Gained mutation: You are covered in thick fur. (AC +2)
                  | [Felid growth]
  4331 | D:4      | Reached XP level 6. HP: 24/24 MP: 7/11
  4541 | D:4      | Learned a level 4 spell: Sticky Flame
  4722 | D:4      | Reached skill level 5 in Stealth
  4774 | D:4      | Reached skill level 4 in Conjurations
  4774 | D:4      | Reached skill level 5 in Fire Magic
  4774 | D:4      | Reached XP level 7. HP: 17/27 MP: 6/13
  4903 | D:4      | Found a hide-covered altar of Uskayaw.
  5433 | D:5      | Entered Level 5 of the Dungeon
  5450 | D:5      | Found a burning altar of Makhleb.
  5477 | D:5      | Found a staircase to the Ecumenical Temple.
  5481 | D:5      | Found a stormy altar of Qazlal.
  5500 | Temple   | Entered the Ecumenical Temple
  5548 | Temple   | Became a worshipper of Vehumet
  5651 | D:5      | Found a sand-covered staircase.
  5655 | Ossuary  | Entered an ossuary
  5999 | Ossuary  | Reached * piety under Vehumet
  5999 | Ossuary  | Offered knowledge of Sting by Vehumet.
  6038 | Ossuary  | HP: 4/27 [elf zombie (8)]
  6383 | Ossuary  | browni3141: I'm about to do the rune run.
  6649 | Ossuary  | Reached skill level 5 in Conjurations
  6832 | D:5      | Found an iron altar of Okawaru.
  6955 | D:5      | Found a shattered altar of Ashenzari.
  6967 | D:5      | Reached XP level 8. HP: 31/31 MP: 6/14
  7091 | D:5      | Reached skill level 4 in Spellcasting
  7331 | D:5      | Learned a level 5 spell: Fireball
  7384 | D:5      | Reached skill level 6 in Fire Magic
  7583 | D:5      | Reached ** piety under Vehumet
  7586 | D:5      | Offered knowledge of Magic Dart by Vehumet.
  8230 | D:6      | Offered knowledge of Static Discharge by Vehumet.
  8281 | D:6      | Killed Robin
  8559 | D:6      | Found a white marble altar of Elyvilon.
  8832 | D:6      | Reached skill level 6 in Conjurations
  8878 | D:6      | Reached *** piety under Vehumet
  9123 | D:6      | Found a sacrificial altar of Ru.
  9300 | D:6      | Found a shadowy altar of Dithmenos.
  9305 | D:6      | Reached skill level 7 in Fire Magic
  9513 | D:6      | Reached skill level 5 in Spellcasting
  9513 | D:6      | Reached XP level 9. HP: 32/34 MP: 5/17
  9818 | D:7      | Found a basalt altar of Yredelemnul.
 10037 | D:7      | Found Limeas's Jewellery Shoppe.
 10161 | D:7      | Reached skill level 7 in Conjurations
 10164 | D:7      | Offered knowledge of Throw Icicle by Vehumet.
 10429 | D:7      | Found an ornate altar of the Wu Jian Council.
 10849 | D:8      | Reached skill level 8 in Fire Magic
 11535 | D:8      | Noticed Joseph
 11544 | D:8      | Killed Joseph
 11544 | D:8      | Reached skill level 8 in Conjurations
 11757 | D:8      | Noticed Maurice
 11774 | D:8      | Killed Maurice
 11774 | D:8      | Reached skill level 6 in Spellcasting
 11774 | D:8      | Reached XP level 10. HP: 11/37 MP: 7/20
 12254 | D:9      | Found a snail-covered altar of Cheibriados.
 12255 | D:9      | Found a sacrificial altar of Ru.
 12313 | D:9      | Reached **** piety under Vehumet
 12344 | D:9      | Noticed a manticore
 12350 | D:9      | HP: 8/37 [manticore (3)]
 12357 | D:9      | Killed a manticore
 12619 | D:9      | Reached skill level 9 in Fire Magic
 12770 | D:9      | Offered knowledge of Lee's Rapid Deconstruction by Vehumet.
 12780 | D:9      | Learned a level 5 spell: Lee's Rapid Deconstruction
 12820 | D:9      | Found a hazy altar of Hepliaklqana.
 13290 | D:10     | Entered Level 10 of the Dungeon
 13585 | D:10     | Reached skill level 9 in Conjurations
 13796 | D:10     | Found Korr's Gadget Shoppe.
 13964 | D:7      | Bought the ring of Sloth {rF+ MP+9 Stlth+} for 515 gold
                  | pieces
 14093 | D:10     | Noticed a two-headed ogre
 14123 | D:10     | Killed a two-headed ogre
 14123 | D:10     | Reached skill level 7 in Spellcasting
 14123 | D:10     | Reached skill level 10 in Fire Magic
 14324 | D:10     | Reached XP level 11. HP: 27/40 MP: 17/22
 14324 | D:10     | Reached ***** piety under Vehumet
 14434 | D:10     | Offered knowledge of Bolt of Cold by Vehumet.
 14449 | D:10     | Reached skill level 10 in Conjurations
 14675 | D:10     | Reached skill level 8 in Spellcasting
 14761 | D:10     | Learned a level 6 spell: Bolt of Cold
 14774 | D:10     | Reached skill level 3 in Dodging
 14869 | D:10     | Found a staircase to the Lair.
 15198 | Lair:1   | Entered Level 1 of the Lair of Beasts
 15303 | Lair:1   | browni3141: I escaped.
 15303 | Lair:1   | Charmandara: Congrats!!!
 15303 | Lair:1   | browni3141: That's my first stealthy stabber win.
 15303 | Lair:1   | Charmandara: good run
 15303 | Lair:1   | Charmandara: I think i've done one or two stabby bois
 15303 | Lair:1   | Charmandara: idk ive done a 15 runer stabby boi
 15305 | Lair:1   | Charmandara: i can't believe how well this felid is going
 15394 | Lair:1   | browni3141: Felids are tough.
 15398 | Lair:1   | Charmandara: i've won with them a couple times
 15398 | Lair:1   | Charmandara: i like being fast at least
 15927 | Lair:2   | Noticed a four-headed hydra
 15928 | Lair:2   | Reached skill level 1 in Fighting
 15931 | Lair:2   | Killed a four-headed hydra
 15931 | Lair:2   | Reached skill level 4 in Dodging
 15931 | Lair:2   | Reached skill level 6 in Stealth
 15932 | Lair:2   | browni3141: I've only got three wins. BaFi, MiFi, and SpEn
                  | just now.
 15961 | Lair:2   | Charmandara: nice
 15961 | Lair:2   | Charmandara: I've got a good few
                  | http://crawl.akrasiac.org/scoring/players/charmandara.html
 15974 | Lair:2   | Reached skill level 2 in Fighting
 16284 | Lair:2   | Reached skill level 7 in Stealth
 16299 | Lair:2   | Reached skill level 5 in Dodging
 16299 | Lair:2   | Reached skill level 3 in Fighting
 16691 | Lair:2   | Noticed a six-headed hydra
 16691 | Lair:2   | browni3141: Cool.
 16703 | Lair:2   | browni3141: I am always temted to go for 15 runes.
 16703 | Lair:2   | Charmandara: once you die in extended a few more times
                  | you'll get over that ;)
 16703 | Lair:2   | browni3141: It kind of makes the game take awhile though.
                  | Hell is kind of boring and too long, though, IMO..
 16703 | Lair:2   | Charmandara: Hell is actually my favorite extended content
 16703 | Lair:2   | Charmandara: i dislike pan & tomb
 16703 | Lair:2   | Charmandara: find them rote
 16703 | Lair:2   | Charmandara: i like hell's play style
 16717 | Lair:2   | Killed a six-headed hydra
 16717 | Lair:2   | Reached skill level 4 in Fighting
 16717 | Lair:2   | Reached skill level 6 in Dodging
 16717 | Lair:2   | Reached skill level 8 in Stealth
 17247 | Lair:3   | browni3141: I just think it's too long mostly. I really
                  | like Tomb because its relatively short and uniquely
                  | difficult from the other branches.
 17255 | Lair:3   | Charmandara: short in size, not in time, lol
 17255 | Lair:3   | Charmandara: Hell is big but goes by much faster
 17255 | Lair:3   | Charmandara: and encourages you navigate quickly
 17255 | Lair:3   | Charmandara: hell with a formicid is also a fun little
                  | novelty
 17361 | Lair:3   | browni3141: How did you get your interface like this, with
                  | all the different colors and exta info?
 17385 | Lair:3   | Charmandara: 1 sec
 17385 | Lair:3   | Charmandara: paste this in your .rc
 17385 | Lair:3   | Charmandara: include += HilariousDeathArtist.rc
 17385 | Lair:3   | Charmandara: at the very bottom
 17385 | Lair:3   | Charmandara: includes a bunch of extra customs
 17388 | Lair:3   | Reached skill level 7 in Dodging
 17388 | Lair:3   | Reached skill level 9 in Stealth
 17621 | Lair:3   | Reached skill level 5 in Fighting
 17632 | Lair:3   | Found a staircase to the Snake Pit.
 17661 | Lair:3   | Gained mutation: Your thick and shaggy fur keeps you warm.
                  | (AC +3, rC+) [Felid growth]
 17661 | Lair:3   | Reached XP level 12. HP: 51/51 MP: 20/25
 17797 | Lair:3   | Found a staircase to the Swamp.
 17869 | Lair:3   | Reached skill level 1 in Unarmed Combat
 18117 | Lair:4   | Gained mutation: You have an increased reservoir of magic.
                  | (+10% MP) [potion of mutation]
 18117 | Lair:4   | Gained mutation: Your mind is acute. (Int +2) [potion of
                  | mutation]
 18117 | Lair:4   | Gained mutation: Your body sometimes deteriorates upon
                  | taking damage. [potion of mutation]
 18117 | Lair:4   | Gained mutation: You expend magic power (3 MP) to
                  | strengthen your wands. [potion of mutation]
 18161 | Lair:4   | Offered knowledge of Bolt of Magma by Vehumet.
 18184 | Lair:4   | Reached skill level 8 in Dodging
 18184 | Lair:4   | Reached skill level 2 in Unarmed Combat
 18195 | Lair:4   | Reached skill level 10 in Stealth
 18195 | Lair:4   | HP: 5/51 [water moccasin (8)]
 18232 | Lair:4   | Reached skill level 3 in Unarmed Combat
 18267 | Lair:4   | Found a dark tunnel.
 18393 | Lair:4   | Noticed a four-headed hydra
 18395 | Lair:4   | Killed a four-headed hydra
 18395 | Lair:4   | Reached skill level 9 in Dodging
 18405 | Lair:4   | Learned a level 5 spell: Bolt of Magma
 18406 | Volcano  | Entered a volcano
 18434 | Volcano  | HP: 10/51 [something (7)]
 18456 | Volcano  | Reached skill level 4 in Unarmed Combat
 18496 | Lair:4   | Learned a level 1 spell: Apportation
 18599 | Lair:4   | Reached skill level 11 in Stealth
 19008 | Lair:4   | Found a shimmering blue altar of Sif Muna.
 19696 | Lair:4   | Learned a level 1 spell: Confusing Touch
 19785 | Lair:5   | You fall into a shaft and drop 1 floor!
 19785 | Lair:6   | Entered Level 6 of the Lair of Beasts
 19818 | Lair:6   | Reached skill level 10 in Dodging
 19818 | Lair:6   | Reached skill level 5 in Unarmed Combat
 19827 | Lair:6   | Noticed a death yak
 19832 | Lair:6   | Noticed a death yak
 19832 | Lair:6   | Noticed a death yak
 19835 | Lair:6   | Noticed a catoblepas
 19851 | Lair:6   | Reached skill level 9 in Spellcasting
 19851 | Lair:6   | Killed a death yak
 19924 | Lair:6   | Killed from afar by a rime drake
 19925 | Lair:6   | Reached XP level 11. HP: -1/47 MP: 11/36
 19925 | Lair:6   | Noticed a death yak
 19928 | Lair:6   | Noticed a death yak
 19928 | Lair:6   | Noticed a death yak
 19930 | Lair:6   | Killed a death yak
 19930 | Lair:6   | Reached XP level 12. HP: 51/51 MP: 28/28
 19931 | Lair:6   | Noticed a death yak
 19936 | Lair:6   | Noticed a catoblepas
 19940 | Lair:6   | browni3141: Yikes..
 19941 | Lair:6   | Killed a death yak
 19941 | Lair:6   | Killed a death yak
 19943 | Lair:6   | Killed a death yak
 19943 | Lair:6   | Reached skill level 12 in Stealth
 20107 | Lair:6   | Charmandara: yeah
 20107 | Lair:6   | Charmandara: just need to gain another level ;)
 20107 | Lair:6   | Charmandara: still got an extra on deck
 20107 | Lair:6   | browni3141: You dealt with it easier than I thought
 20202 | Lair:6   | Noticed a catoblepas
 20329 | Lair:6   | Killed a catoblepas
 20416 | Lair:6   | Killed a catoblepas
 20416 | Lair:6   | Reached skill level 6 in Unarmed Combat
 20636 | Lair:6   | Reached skill level 10 in Spellcasting
 20720 | Lair:6   | Noticed a death yak
 20721 | Lair:6   | Offered knowledge of Lightning Bolt by Vehumet.
 20722 | Lair:6   | Reached skill level 11 in Dodging
 20748 | Lair:6   | Killed a death yak
 20748 | Lair:6   | Killed a death yak
 20751 | Lair:6   | Killed a death yak
 21009 | Lair:6   | Reached XP level 13. HP: 54/54 MP: 31/31
 21051 | Lair:6   | Reached skill level 1 in Earth Magic
 21861 | Lair:5   | Reached skill level 2 in Earth Magic
 22021 | Lair:5   | Reached skill level 11 in Spellcasting
 22330 | Lair:5   | Found a staircase to the Slime Pits.
 22634 | Lair:5   | Identified a scroll of acquirement
 23061 | D:11     | Reached skill level 3 in Earth Magic
 23144 | D:11     | Offered knowledge of Bolt of Draining by Vehumet.
 23169 | D:11     | Reached skill level 11 in Fire Magic
 23220 | D:10     | Charmandara: well that's a nice find
 23227 | D:10     | Learned a level 6 spell: Bolt of Fire
 23390 | D:11     | HP: 12/54 [cyclops (42)]
 23626 | D:11     | Found a portal to a secret trove of treasure.
 23822 | D:11     | HP: 7/54 [purple ugly thing (20)]
 24808 | D:11     | Noticed Nergalle
 24813 | D:11     | Killed Nergalle
 25049 | D:12     | Found a staircase to the Orcish Mines.
 25346 | D:12     | Found the +4 skin of Zhor {Hibernate rC+++ SInv}
 25356 | D:12     | Reached XP level 14. HP: 58/58 MP: 22/33
 25367 | D:12     | Learned a level 8 spell: Ignition
 25465 | D:12     | Reached skill level 12 in Spellcasting
 25614 | Orc:1    | Entered Level 1 of the Orcish Mines
 25777 | Orc:1    | Offered knowledge of Spellforged Servitor by Vehumet.
 25997 | Orc:1    | Reached skill level 12 in Fire Magic
 26033 | Orc:1    | Found a roughly hewn altar of Beogh.
 26281 | Orc:2    | Entered Level 2 of the Orcish Mines
 26294 | Orc:2    | Found a roughly hewn altar of Beogh.
 26499 | Orc:2    | Found a staircase to the Elven Halls.
 27559 | Orc:2    | Found Ryqiwk's Magic Scroll Shop.
 27559 | Orc:2    | Found Nuel Ruo's Jewellery Shop.
 27563 | Orc:2    | Found Myph's Book Boutique.
 27565 | Orc:2    | Found Emapax's Jewellery Boutique.
 27573 | Orc:2    | Bought a book of Minor Magic for 260 gold pieces
 27578 | Orc:2    | Bought the ring of Leremn {Fire rN+ Str+2} for 606 gold
                  | pieces
 27583 | Orc:2    | Bought the ring of Satisfaction {*Corrode rPois rN+ Stlth+}
                  | for 426 gold pieces
 27807 | D:13     | Reached skill level 13 in Fire Magic
 28795 | D:13     | Found a gate to the Vaults.
 29021 | D:13     | Found a shimmering blue altar of Sif Muna.
 29144 | D:14     | Reached ****** piety under Vehumet
 29154 | D:14     | Offered knowledge of Poison Arrow by Vehumet.
 29801 | D:14     | Reached skill level 14 in Fire Magic
 30603 | D:15     | Entered Level 15 of the Dungeon
 30719 | D:15     | Noticed Agnes
 30722 | D:15     | Killed Agnes
 30743 | D:15     | HP: 1/58 [yaktaur captain (22)]
 30744 | D:15     | Reached XP level 15. HP: 2/61 MP: 12/35
 30795 | D:15     | Reached skill level 15 in Fire Magic
 31178 | D:15     | Found a staircase to the Depths.
 31345 | D:15     | Noticed Kirke
 31350 | D:15     | Killed Kirke
 31470 | D:15     | Found a roughly hewn altar of Beogh.
 31672 | D:15     | Charmandara: firecat doing very well
 31672 | D:15     | Charmandara: very surprised
 31672 | D:15     | Charmandara: but things are about to suck
 31928 | D:15     | Noticed Jorgrun
 31931 | D:15     | Killed Jorgrun
 32033 | D:15     | browni3141: Saw you on 1HP
 32033 | D:15     | Charmandara: had 2 extras
 32033 | D:15     | Charmandara: but yeah
 32033 | D:15     | Charmandara: cyclops
 32033 | D:15     | Charmandara: ow
 32033 | D:15     | Charmandara: amulet of harm probably isn't helping
 32033 | D:15     | Charmandara: but it is
 32033 | D:15     | Charmandara: because i kill stuff
 32297 | Swamp:1  | Entered Level 1 of the Swamp
 32315 | Swamp:1  | Noticed Nikola
 32324 | Swamp:1  | Killed Nikola
 32324 | Swamp:1  | Reached skill level 16 in Fire Magic
 32507 | Swamp:1  | Offered knowledge of Conjure Ball Lightning by Vehumet.
 33321 | Swamp:1  | Learned a level 2 spell: Blink
 33568 | Swamp:2  | Noticed a thorn hunter
 33572 | Swamp:2  | Killed a thorn hunter
 33799 | Swamp:2  | Noticed a tentacled monstrosity
 33803 | Swamp:2  | Reached skill level 17 in Fire Magic
 33806 | Swamp:2  | HP: 12/61 [tentacled monstrosity (10)]
 34202 | Swamp:2  | Noticed a thorn hunter
 34210 | Swamp:2  | Noticed a thorn hunter
 34214 | Swamp:2  | Killed a tentacled monstrosity
 34214 | Swamp:2  | Reached skill level 13 in Stealth
 34219 | Swamp:2  | Killed from afar by a thorn hunter
 34220 | Swamp:2  | Reached XP level 14. HP: -26/58 MP: 7/43
 34225 | Swamp:2  | browni3141: Noooo
 34226 | Swamp:2  | Charmandara: ow
 34226 | Swamp:2  | Charmandara: shoulda seen that coming
 34226 | Swamp:2  | Charmandara: got greedy
 34226 | Swamp:2  | Charmandara: oh well, just in time for another life
 34238 | Swamp:2  | browni3141: Thorn hunters are the most dangerous non-unique
                  | in Swamp
 34238 | Swamp:2  | Reached skill level 7 in Unarmed Combat
 34255 | Swamp:2  | HP: 10/58 [insubstantial wisp/static electricity (10)]
 34257 | Swamp:2  | Charmandara: agreed
 34257 | Swamp:2  | Charmandara: thought i'd nuke it first :(
 34418 | Swamp:2  | Killed a thorn hunter
 34418 | Swamp:2  | Reached XP level 15. HP: 61/61 MP: 35/35
 34423 | Swamp:2  | Killed a thorn hunter
 34538 | Swamp:2  | HP: 14/61 [insubstantial wisp (7)]
 34885 | Swamp:2  | HP: 10/61 [something] (14)]
 35644 | Swamp:3  | Reached skill level 8 in Unarmed Combat
 35921 | Swamp:3  | Reached skill level 12 in Dodging
 36032 | Swamp:3  | HP: 8/61 [swamp dragon (19)]
 36237 | Swamp:3  | Offered knowledge of Lehudib's Crystal Spear by Vehumet.
 36237 | Swamp:3  | Offered knowledge of Glaciate by Vehumet.
 36237 | Swamp:3  | Offered knowledge of Tornado by Vehumet.
 36881 | Swamp:4  | Entered Level 4 of the Swamp
 36924 | Swamp:4  | Reached skill level 9 in Unarmed Combat
 36924 | Swamp:4  | Reached skill level 6 in Fighting
 36925 | Swamp:4  | HP: 6/63 [something (12)]
 37256 | Swamp:4  | Reached skill level 14 in Stealth
 37275 | Swamp:4  | HP: 15/63 [poison (poison gas)]
 37620 | Swamp:4  | Noticed a thorn hunter
 37623 | Swamp:4  | HP: 8/63 [alligator (25)]
 37623 | Swamp:4  | Slain by an alligator
 37624 | Swamp:4  | Reached XP level 14. HP: -1/60 MP: 21/43
 37632 | Swamp:3  | Charmandara: whew
 37632 | Swamp:3  | Charmandara: i'm gonna call it tongiht
 37632 | Swamp:3  | browni3141: Not gonna get the first rune?
 37632 | Swamp:3  | Charmandara: no lives left and im playin really sloppy at
                  | this point
 37632 | Swamp:3  | Charmandara: need to hit refresh
 37632 | Swamp:3  | Charmandara: no point in dying now
 37632 | Swamp:3  | Charmandara: i like this kitty
 37632 | Swamp:3  | browni3141: Yeah, no rush.
 37632 | Swamp:3  | browni3141: Meow
 37632 | Swamp:3  | Charmandara: firecat
 37633 | Swamp:3  | Charmandara: nice playing with you tonight
 37633 | Swamp:3  | Charmandara: congrats on your win once again
 37633 | Swamp:3  | Charmandara: i should ditch harm for acrobat
 38075 | Snake:1  | Entered Level 1 of the Snake Pit
 38404 | Snake:1  | You fall into a shaft and drop 1 floor!
 38415 | Snake:2  | Killed from afar by a shock serpent

Levels and vault maps discovered:
D:1:      saegor_arrival_simple_e, layout_loops_ring
D:2:      layout_basic
D:3:      layout_loops_corners, minivault_4, uniq_robin
D:4:      layout_gridville, lemuel_crystal_altar, nrook_loot_triangle
D:5:      lemuel_ratsnest, layout_loops_ring, grunt_qazlal_clouds,
          nicolae_overflow_crystal_walls, lemuel_crystal_altar,
          minmay_temple_entry_mini_moons, enter_ossuary_5, first_ration,
          evilmike_ruin_ashenzari
D:6:      layout_basic, elyvilon_altar_4, marbit_many_paths,
          nicolae_ru_the_path_less_chosen
D:7:      layout_gridville, lemuel_crystal_altar, serial_shops,
          nicolae_shop_trees, basic_altar
D:8:      layout_basic, uniq_joseph, uniq_maurice
D:9:      layout_irregular_city, gammafunk_temple_overflow_pools,
          old_standard_altar
D:10:     layout_roguey, dpeg_oklobed_lair, serial_shops, shop
D:11:     layout_cave_pools, enter_trove_2, david_nohive_1, minivault_28,
          uniq_nergalle
D:12:     layout_big_octagon, david_orc_1_choice
D:13:     layout_loops_ring, ximxim_vaults_locker_room, lemuel_blue_sif_altar
D:14:     layout_basic, minmay_misc_feat_five
D:15:     hangedman_depths_entry_civil_slaughter, layout_basic, special_room
          [special_room_orc], minmay_misc_feat_more_columns, uniq_agnes,
          uniq_jorgrun, uniq_kirke
Temple:   minmay_temple_bridge_abc
Lair:1:   layout_gridlike
Lair:2:   layout_small_grid, chequers_serial_rivers_small_b
Lair:3:   layout_hall_layers, minmay_swamp_entry_worms,
          minmay_snake_entry_guardpost_medium, st_stairs_8
Lair:4:   wad_woods_stonehenge, layout_gridlike, nicolae_volcano_entry_hallway
Lair:5:   kb_forest_paths, layout_regular_city, minmay_slime_entry_jelly_boxes
Lair:6:   evilmike_catoblepas_cave, layout_gridlike,
          hangedman_lair_unloving_vines, grunt_megastairs_2
Swamp:1:  layout_basic_swamp, evilmike_swamp_ruin_house_5, uniq_nikola
Swamp:2:  layout_falls_marsh, hangedman_swamp_lotus
Swamp:3:  layout_falls_marsh, evilmike_swamp_ruin_house_4
Swamp:4:  swamp_old_school, layout_basic_swamp, swamp_pool1
Snake:1:  layout_misc_corridors, hangedman_snake_corridor_cut,
          lemuel_fruit_tree, serial_bayou_shore_a, uniq_aizul, uniq_louise
Snake:2:  layout_gridlike, uniq_asterion, uniq_vashnia, uniq_azrael
Orc:1:    nicolae_orc_accident_2, layout_diamond_mine
Orc:2:    st_orc_mages, layout_caves, basic_altar, minmay_orc_keep

Skill      XL: |  1  2  3  4  5  6  7  8  9 10 11 12 13 14 15 |
---------------+----------------------------------------------+-----
Conjurations   | 1 2 3 4 5 6 8 9 10 | 10.0
Fire Magic     | 3 4 5 7 8 10 11 14 17 | 17.0
Stealth        | 3 4 5 9 12 14 | 14.1
Spellcasting   | 3 5 6 7 8 10 11 12 | 12.0
Dodging        | 7 11 12 | 12.6
Fighting       | 5 6 |  6.3
Unarmed Combat | 6 7 9 |  9.5
Earth Magic    | 3 |  3.1
Ice Magic      | |  0.1

Action                   |  1- 3 |  4- 6 |  7- 9 | 10-12 | 13-15 || total
-------------------------+-------+-------+-------+-------+-------++-------
Melee: Unarmed           |     4 |    49 |   146 |    71 |   227 ||   497
       Bite              |       |     6 |    15 |     6 |    12 ||    39
       Punch             |       |       |       |     1 |     9 ||    10
 Cast: Flame Tongue      |    57 |   158 |   300 |   276 |    98 ||   889
       Conjure Flame     |     1 |       |     8 |     1 |       ||    10
       Throw Flame       |       |     1 |    15 |    23 |    87 ||   126
       Sticky Flame      |       |       |    38 |    73 |    78 ||   189
       Fireball          |       |       |     4 |    81 |   176 ||   261
       Bolt of Magma     |       |       |       |    44 |    88 ||   132
       Confusing Touch   |       |       |       |     6 |     1 ||     7
       Bolt of Fire      |       |       |       |       |   160 ||   160
       Ignition          |       |       |       |       |    19 ||    19
       Blink             |       |       |       |       |     2 ||     2
Evoke: Wand              |       |       |    16 |     5 |     2 ||    23
  Use: Scroll            |       |     8 |    15 |    10 |    14 ||    47
       Potion            |       |       |     3 |     5 |     9 ||    17
 Stab: Sleeping          |       |       |     3 |     5 |    17 ||    25
       Confused          |       |       |       |     3 |       ||     3
       Invisible         |       |       |       |     1 |       ||     1
  Eat: Chunk             |     9 |    12 |    29 |    49 |    74 ||   173
       Ration            |       |       |       |       |     8 ||     8
Armor: Skin              |       |     5 |    33 |    10 |    14 ||    62
Dodge: Dodged            |    22 |   100 |   227 |   204 |   368 ||   921

Table legend:
 A = Non-vault XP
 B = Vault XP
 C = Vault XP percentage of total XP
 D = Non-vault monster count
 E = Vault monster count
 F = Vault count percentage of total count
                 A         B        C        D         E       F
            +---------+---------+-------+---------+---------+-------
      Total |  150624 |   57045 |  27.5 |     745 |     301 |  28.8
            +---------+---------+-------+---------+---------+-------
        D:1 |      25 |       0 |   0.0 |      15 |       0 |   0.0
        D:2 |     116 |       0 |   0.0 |      30 |       0 |   0.0
        D:3 |     159 |      19 |  10.7 |      23 |      10 |  30.3
        D:4 |     655 |       0 |   0.0 |      25 |       0 |   0.0
        D:5 |     424 |     142 |  25.1 |      23 |      29 |  55.8
        D:6 |     830 |      60 |   6.7 |      20 |       2 |   9.1
        D:7 |    1073 |       0 |   0.0 |      24 |       0 |   0.0
        D:8 |     941 |     869 |  48.0 |      17 |       2 |  10.5
        D:9 |    2020 |       0 |   0.0 |      28 |       0 |   0.0
       D:10 |    5439 |       0 |   0.0 |      59 |       0 |   0.0
       D:11 |    5340 |    6477 |  54.8 |      39 |      26 |  40.0
       D:12 |    1850 |     499 |  21.2 |      20 |       9 |  31.0
       D:13 |    3301 |    4566 |  58.0 |      17 |      11 |  39.3
       D:14 |   12922 |       0 |   0.0 |      40 |       0 |   0.0
       D:15 |   10824 |   13616 |  55.7 |      30 |      37 |  55.2
     Lair:1 |     230 |       0 |   0.0 |       2 |       0 |   0.0
     Lair:2 |    5154 |       0 |   0.0 |      16 |       0 |   0.0
     Lair:3 |    2818 |    1503 |  34.8 |      13 |       8 |  38.1
     Lair:4 |    8210 |    1430 |  14.8 |      33 |       8 |  19.5
     Lair:5 |    3821 |    6018 |  61.2 |      17 |      36 |  67.9
     Lair:6 |   12753 |   10689 |  45.6 |      41 |      25 |  37.9
    Swamp:1 |   12219 |    4087 |  25.1 |      31 |       1 |   3.1
    Swamp:2 |   23048 |       0 |   0.0 |      46 |       0 |   0.0
    Swamp:3 |   17786 |       0 |   0.0 |      41 |       0 |   0.0
    Swamp:4 |    6072 |       0 |   0.0 |      15 |       0 |   0.0
    Snake:1 |    5508 |       0 |   0.0 |      12 |       0 |   0.0
    Snake:2 |    1651 |       0 |   0.0 |       4 |       0 |   0.0
      Orc:1 |    2352 |     473 |  16.7 |      31 |       5 |  13.9
      Orc:2 |    3083 |    4843 |  61.1 |      33 |      48 |  59.3
    Ossuary |       0 |     457 | 100.0 |       0 |      39 | 100.0
    Volcano |       0 |    1297 | 100.0 |       0 |       5 | 100.0
            +---------+---------+-------+---------+---------+-------

Levels and vault maps discovered:
D:1:      saegor_arrival_simple_e, layout_loops_ring
D:2:      layout_basic
D:3:      layout_loops_corners, minivault_4, uniq_robin
D:4:      layout_gridville, lemuel_crystal_altar, nrook_loot_triangle
D:5:      lemuel_ratsnest, layout_loops_ring, grunt_qazlal_clouds,
          nicolae_overflow_crystal_walls, lemuel_crystal_altar,
          minmay_temple_entry_mini_moons, enter_ossuary_5, first_ration,
          evilmike_ruin_ashenzari
D:6:      layout_basic, elyvilon_altar_4, marbit_many_paths,
          nicolae_ru_the_path_less_chosen
D:7:      layout_gridville, lemuel_crystal_altar, serial_shops,
          nicolae_shop_trees, basic_altar
D:8:      layout_basic, uniq_joseph, uniq_maurice
D:9:      layout_irregular_city, gammafunk_temple_overflow_pools,
          old_standard_altar
D:10:     layout_roguey, dpeg_oklobed_lair, serial_shops, shop
D:11:     layout_cave_pools, enter_trove_2, david_nohive_1, minivault_28,
          uniq_nergalle
D:12:     layout_big_octagon, david_orc_1_choice
D:13:     layout_loops_ring, ximxim_vaults_locker_room, lemuel_blue_sif_altar
D:14:     layout_basic, minmay_misc_feat_five
D:15:     hangedman_depths_entry_civil_slaughter, layout_basic, special_room
          [special_room_orc], minmay_misc_feat_more_columns, uniq_agnes,
          uniq_jorgrun, uniq_kirke
Temple:   minmay_temple_bridge_abc
Lair:1:   layout_gridlike
Lair:2:   layout_small_grid, chequers_serial_rivers_small_b
Lair:3:   layout_hall_layers, minmay_swamp_entry_worms,
          minmay_snake_entry_guardpost_medium, st_stairs_8
Lair:4:   wad_woods_stonehenge, layout_gridlike, nicolae_volcano_entry_hallway
Lair:5:   kb_forest_paths, layout_regular_city, minmay_slime_entry_jelly_boxes
Lair:6:   evilmike_catoblepas_cave, layout_gridlike,
          hangedman_lair_unloving_vines, grunt_megastairs_2
Swamp:1:  layout_basic_swamp, evilmike_swamp_ruin_house_5, uniq_nikola
Swamp:2:  layout_falls_marsh, hangedman_swamp_lotus
Swamp:3:  layout_falls_marsh, evilmike_swamp_ruin_house_4
Swamp:4:  swamp_old_school, layout_basic_swamp, swamp_pool1
Snake:1:  layout_misc_corridors, hangedman_snake_corridor_cut,
          lemuel_fruit_tree, serial_bayou_shore_a, uniq_aizul, uniq_louise
Snake:2:  layout_gridlike, uniq_asterion, uniq_vashnia, uniq_azrael
Orc:1:    nicolae_orc_accident_2, layout_diamond_mine
Orc:2:    st_orc_mages, layout_caves, basic_altar, minmay_orc_keep

Table legend:
 A = Turns spent in this place as a percentage of turns spent in the entire game.
 B = Non-inter-level travel turns spent in this place as a percentage of non-inter-level travel turns spent in the entire game.
 C = Inter-level travel turns spent in this place as a percentage of turns spent in this place.
 D = Turns resting spent in this place as a percentage of non-inter-level travel turns spent in this place.
 E = Turns spent auto-exploring this place as a percentage of non-inter-level travel turns spent in this place.
 F = Non-inter-level travel turns spent in this place divided by the number of levels of this place that you've seen.
                   A       B       C       D       E      F
               +-------+-------+-------+-------+-------+----------------------
         Total | 100.0 | 100.0 |   5.3 |  40.5 |  37.5 | 1136.6
       Dungeon |  55.5 |  55.0 |   6.0 |  40.9 |  37.5 | 1334.5
        Temple |   0.2 |   0.2 |  36.0 |   0.0 |  12.3 |  57.0
          Lair |  20.9 |  20.7 |   6.0 |  28.1 |  51.8 | 1257.7
         Swamp |  14.0 |  14.3 |   3.5 |  56.9 |  26.8 | 1301.2
     Snake Pit |   0.6 |   0.6 |   0.0 |  43.4 |  28.9 | 114.0
  Orcish Mines |   5.5 |   5.7 |   2.7 |  28.8 |  34.8 | 1035.0
       Ossuary |   3.0 |   3.2 |   0.0 |  65.3 |   3.7 | 1159.0
       Volcano |   0.2 |   0.2 |   0.0 |   0.0 |   0.0 |  87.0
               +-------+-------+-------+-------+-------+----------------------

Table legend:
 A = Kills in this place as a percentage of kills in entire the game.
 B = Kills by you in this place as a percentage of kills by you in the entire game.
 C = Kills by friends in this place as a percentage of kills by friends in the entire game.
 D = Other kills in this place as a percentage of other kills in the entire game.
 E = Experience gained in this place as a percentage of experience gained in the entire game.
 F = Experience gained in this place divided by the number of levels of this place that you have seen.
                   A       B       C       D       E      F
               +-------+-------+-------+-------+-------+----------------------
         Total | 100.0 | 100.0 | 100.0 | 100.0 | 100.0 | 6489.7
       Dungeon |  51.2 |  51.2 | 100.0 |  50.0 |  34.8 | 4811.1
          Lair |  19.0 |  19.1 |   0.0 |   0.0 |  25.3 | 8771.0
         Swamp |  12.8 |  12.8 |   0.0 |  50.0 |  30.4 | 15803.0
     Snake Pit |   1.5 |   1.5 |   0.0 |   0.0 |   3.4 | 3579.5
  Orcish Mines |  11.2 |  11.2 |   0.0 |   0.0 |   5.2 | 5375.5
       Ossuary |   3.7 |   3.7 |   0.0 |   0.0 |   0.2 | 457.0
       Volcano |   0.5 |   0.5 |   0.0 |   0.0 |   0.6 | 1297.0
               +-------+-------+-------+-------+-------+----------------------
